 Dungeon Crawl Stone Soup version 0.30-a0-972-gf3ab3527aa (webtiles) character file.

Game seed: 12017791055270687787

5404 Demosthentine the Fighter (level 10, -28/80 HPs)
             Began as a Demonspawn Gladiator on Mar 31, 2023.
             Was an Initiate of Hepliaklqana.
             Killed from afar by Erica (39 damage)
             ... with a bolt of poison
             ... on level 9 of the Dungeon.
             The game lasted 00:08:12 (8831 turns).

Demosthentine the Fighter (Demonspawn Gladiator)    Turns: 8831, Time: 00:08:13

Health: -28/80     AC:  9    Str: 17    XL:     10   Next: 40%
Magic:  13/13      EV: 26    Int:  9    God:    Hepliaklqana [......]
Gold:   400        SH:  0    Dex: 17    Spells: 9/9 levels left

rFire   . . .      SeeInvis .    A - +3 trident
rCold   . . .      Faith    .    (no shield)
rNeg    . . .      Spirit   .    p - +0 troll leather armour
rPois   .          Reflect  .    c - +0 helmet
rElec   .          Rampage  .    o - +2 cloak
rCorr   .                        (no gloves)
Will    .....                    (no boots)
Stlth   +                        (no amulet)
HPRegen 1.13/turn                d - +5 ring of evasion
MPRegen 0.13/turn                (no ring)

@: brilliant, agile, lethally poisoned (-28 -> -31), hasted, very quick
A: powered by death 3, powered by pain 1, demonic touch 2
a: Renounce Religion


You were on level 9 of the Dungeon.
You worshipped Hepliaklqana.
Hepliaklqana was noncommittal.
You visited 2 branches of the dungeon, and saw 10 of its levels.

You collected 400 gold pieces.

Inventory:

Hand Weapons
 A - a +3 trident (weapon)
Missiles
 e - a javelin (quivered)
Armour
 c - a +0 helmet (worn)
 o - a +2 cloak (worn)
 p - a +0 troll leather armour (worn)
Jewellery
 d - a +5 ring of evasion (left hand)
Wands
 s - a wand of roots (4)
 v - a wand of paralysis (11)
Scrolls
 f - 2 scrolls of teleportation
 r - a scroll of magic mapping
 t - a scroll of blinking
 w - a scroll of enchant weapon
Potions
 a - a potion of haste
 g - 5 potions of curing
 h - 2 potions of attraction
 i - 3 potions of brilliance
 j - a potion of flight
 k - 2 potions of ambrosia
 l - 2 potions of heal wounds {unknown}
 m - a potion of resistance
 n - a potion of invisibility
 q - a potion of lignification {unknown}
 u - a potion of mutation {unknown}
 x - a potion of degeneration {unknown}


   Skills:
 + Level 8.0 Fighting
 + Level 7.6 Polearms
 - Level 1.7 Throwing
 - Level 6.0 Armour
 + Level 7.7 Dodging
 + Level 4.9 Invocations


You had 9 spell levels left.
You didn't know any spells.
Your spell library contained the following spells:

 Spells                   Type           Power      Damage    Failure   Level
 Apportation              Tloc           0%         N/A       43%         1
 Beastly Appendage        Tmut           0%         N/A       43%         1
 Slow                     Hex            0%         N/A       43%         1
 Summon Small Mammal      Summ           0%         N/A       43%         1
 Cigotuvi's Dreadful Rot  Necr/Pois/Air  0%         N/A       58%         2
 Wereblood                Tmut           0%         N/A       58%         2
 Call Canine Familiar     Summ           0%         N/A       82%         3
 Confusing Touch          Hex            0%         N/A       82%         3
 Spider Form              Tmut/Pois      0%         N/A       82%         3
 Summon Guardian Golem    Hex/Summ       0%         N/A       82%         3
 Vampiric Draining        Necr           0%         2d6       82%         3
 Dispel Undead            Necr           0%         3d6       99%         4
 Passage of Golubria      Tloc           0%         N/A       99%         4
 Alistair's Intoxication  Tmut/Pois      0%         N/A       100%        5
 Silence                  Hex/Air        0%         N/A       100%        5
 Death Channel            Necr           0%         N/A       100%        6
 Lehudib's Crystal Spear  Conj/Erth      0%         10d2      100%        8


Dungeon Overview and Level Annotations

Branches:
Dungeon (9/15)             Temple (1/1) D:7            Lair (0/5) D:9
    Orc: D:9-12

Altars:
Ashenzari
Cheibriados
Dithmenos
Fedhas
Gozag
Hepliaklqana
Kikubaaqudgha
Makhleb
Nemelex Xobeh
Okawaru
Qazlal
Ru
Trog
Uskayaw
Vehumet
Wu Jian
Xom
Yredelemnul

Shops:
D:2 =:(=   D:4 [   D:5 ***

Annotations:
D:9 Erica


Innate Abilities, Weirdness & Mutations

You regenerate a lot of health from kills.
You sometimes gain a little power by taking damage.
Your touch may inflict irresistible damage on your foes.


Message History

You hear some strange, mumbled words.
You are confused.
You're too confused to move!
The gnoll sergeant hits you with a +0 spear.
You're too confused to move!
The gnoll sergeant completely misses you.
Something barely misses you.
You barely miss the gnoll sergeant. The gnoll sergeant blocks your attack.
The gnoll sergeant completely misses you.
Something hits you. Something burns you.
You hit the gnoll sergeant. Your touch misses the gnoll sergeant.
The gnoll sergeant is lightly wounded.
Something completely misses you. The gnoll sergeant misses you.
You barely miss the plant. Your touch misses the plant.
Something closely misses you.
The gnoll sergeant completely misses you.
You closely miss something. Your touch misses something.
Something hits you but does no damage.
The gnoll sergeant hits you with a +0 spear.
You feel less confused.
The gnoll sergeant hits you with a +0 spear!
Something hits you!
* * * LOW HITPOINT WARNING * * *
Something burns you.
* * * LOW HITPOINT WARNING * * *
Something hits you.
* * * LOW HITPOINT WARNING * * *
Something burns you.
* * * LOW HITPOINT WARNING * * *
The gnoll sergeant completely misses you.
Unknown command.
It was a potion of haste.
You feel yourself speed up. Something closely misses you.
The gnoll sergeant misses you.
It was a potion of brilliance.
You feel clever all of a sudden.
You hear some strange, mumbled words.
A bolt of poison appears from out of thin air!
The bolt of poison hits you!!!
You are poisoned.
You die...

...PP...P.P.............##.##.
#........P.>P.P........... #.
#.PP...P..P.....P...PP..#. #.
#..........P.......P...... ##
#..P.........PP.P........#
..#...P....P..PPPP....P..#.#
#.........P..P.P.).P.....#
#............P.g...####.##
######.##....P@{### .# #####
#†###############.# ...# #.#
#...##.## ##.# #.#
#.###...#####... #.#
#.##..#.......#. #.#
#.#.#...#####... #.# #.#.##.##
##.# #.#########.#.##.# #.#
#.............##.# #.#


You could see a gnoll sergeant.

Vanquished Creatures
  A two-headed ogre (D:8)
  The ghost of CowFu the Chiller, a novice DrTm (D:5)
  Maggie (D:7)
  Psyche (D:8)
  A troll (D:9)
  A wraith (D:7)
  A steam dragon (D:7)
  Menkaure (D:6)
  Edmund (D:6)
  3 water moccasins
  2 orc warriors
  A black bear (D:9)
  An ice beast (D:6)
  A centaur (D:9)
  3 ogres
  2 phantoms
  A kobold brigand (D:7)
  3 bullfrogs
  3 scorpions
  12 wights
  6 killer bees (D:8)
  3 howler monkeys (D:7)
  4 hounds
  2 orc priests (D:4)
  A jelly (D:6)
  2 iguanas
  3 orc wizards
  2 sleepcaps
  2 adders (D:4)
  A shadow imp (D:7)
  A white imp (D:6)
  An ufetubus (D:6)
  2 worms
  4 dart slugs
  25 orcs
  6 endoplasms
  3 giant cockroaches
  6 hobgoblins
  3 quokkas
  7 ball pythons
  6 bats
  3 frilled lizards
  8 goblins
  11 kobolds
  8 rats
161 creatures vanquished.

Vanquished Creatures (others)
  A white imp (D:7)
  39 fungi (D:9)
  36 plants (D:9)
76 creatures vanquished.

Grand Total: 237 creatures vanquished

Notes
Turn   | Place    | Note
-------+----------+-------------------------------------------
     0 | D:1      | Demosthentine the Demonspawn Gladiator began the quest for
                  | the Orb.
     0 | D:1      | Reached XP level 1. HP: 16/16 MP: 1/1
   318 | D:1      | Gained mutation: You regenerate a little health from kills.
                  | [demonic ancestry]
   318 | D:1      | Reached XP level 2. HP: 22/22 MP: 2/2
  1055 | D:2      | Reached skill level 1 in Armour
  1092 | D:2      | Gained mutation: You sometimes gain a little power by
                  | taking damage. [demonic ancestry]
  1092 | D:2      | Reached XP level 3. HP: 28/28 MP: 3/3
  1107 | D:2      | Found Ovean's Jewellery Boutique.
  1165 | D:2      | Found Lopsef's Book Shop.
  1308 | D:2      | Found Doruat's Weapon Shop.
  1358 | D:2      | Found Tirag's Jewellery Emporium.
  1515 | D:2      | Found a faded altar of an unknown god.
  2400 | D:4      | Gained mutation: Your touch may inflict minor irresistible
                  | damage on your foes. [demonic ancestry]
  2400 | D:4      | Reached XP level 4. HP: 26/34 MP: 4/4
  2528 | D:4      | Reached skill level 3 in Fighting
  2808 | D:4      | Gained mutation: Your touch may inflict irresistible damage
                  | on your foes. [demonic ancestry]
  2808 | D:4      | Reached XP level 5. HP: 39/41 MP: 5/5
  3002 | D:4      | Noticed a phantom
  3007 | D:4      | Killed a phantom
  3338 | D:4      | Found a sparkling altar of Nemelex Xobeh.
  3365 | D:4      | Found Bumme's Antique Armour Shop.
  3845 | D:5      | Entered Level 5 of the Dungeon
  3882 | D:5      | Reached XP level 6. HP: 47/47 MP: 6/6
  3982 | D:5      | Found Voci's General Store.
  3985 | D:5      | Found Bepsouna's Specific Store.
  4040 | D:5      | Found a transporter.
  4042 | D:5      | Noticed CowFu's ghost (novice DrTm)
  4044 | D:5      | Identified the +3 giant club "Meupneum" {flame, rF+ rC+
                  | Int+6}
  4451 | D:5      | Found Yrriawn's General Store.
  4545 | D:5      | Found a burning altar of Makhleb.
  4726 | D:5      | Reached skill level 4 in Fighting
  4940 | D:5      | Found a transporter.
  4950 | D:5      | Killed CowFu's ghost
  4951 | D:5      | Gained mutation: You regenerate health from kills. [demonic
                  | ancestry]
  4951 | D:5      | Reached XP level 7. HP: 49/55 MP: 7/7
  5083 | D:6      | Reached skill level 5 in Fighting
  5083 | D:6      | Reached skill level 5 in Polearms
  5083 | D:6      | Reached skill level 5 in Dodging
  5083 | D:6      | Reached XP level 8. HP: 53/62 MP: 8/8
  5284 | D:6      | Noticed Menkaure
  5294 | D:6      | Killed Menkaure
  5608 | D:6      | HP: 2/51 [wight/+2 halberd of freezing (2)]
  5801 | D:6      | Found a hazy altar of Hepliaklqana.
  5803 | D:6      | Found an ancient bone altar of Kikubaaqudgha.
  5846 | D:6      | Found a broken altar of Ashenzari.
  5851 | D:6      | Found a blossoming altar of Fedhas.
  5933 | D:6      | Noticed Edmund
  5960 | D:6      | Killed Edmund
  5961 | D:6      | Reached skill level 6 in Fighting
  5961 | D:6      | Reached skill level 5 in Armour
  6163 | D:6      | Reached XP level 9. HP: 69/69 MP: 9/9
  6214 | D:6      | Found a bloodstained altar of Trog.
  6409 | D:7      | Found a staircase to the Ecumenical Temple.
  6424 | Temple   | Entered the Ecumenical Temple
  6715 | D:6      | Became a worshipper of Hepliaklqana the Forgotten
  6742 | D:7      | Found a shimmering altar of Xom.
  6742 | D:7      | Found an opulent altar of Gozag.
  7008 | D:7      | Noticed Maggie
  7030 | D:7      | Killed Maggie
  7052 | D:7      | Found a shadowy altar of Dithmenos.
  7523 | D:8      | Reached skill level 7 in Fighting
  7585 | D:8      | Noticed a two-headed ogre
  7595 | D:8      | Killed a two-headed ogre
  7777 | D:8      | Noticed Psyche
  7791 | D:8      | Killed Psyche
  7792 | D:8      | Gained mutation: You regenerate a lot of health from kills.
                  | [demonic ancestry]
  7792 | D:8      | Reached XP level 10. HP: 41/79 MP: 12/12
  8744 | D:9      | Found a staircase to the Lair.
  8773 | D:9      | Reached skill level 8 in Fighting
  8796 | D:9      | Noticed Erica
  8831 | D:9      | Killed from afar by Erica

Illustrated notes

Levels and vault maps discovered:
D:1:      wheals_arrival_linesprint, layout_loops_ring
D:2:      layout_basic, serial_shops, nicolae_square_shop, shop, shop,
          nicolae_shop_advertising_works [nicolae_subvault_shop_adworks],
          hellmonk_ecumenical_altar_run_dry
D:3:      layout_basic
D:4:      layout_layer_cave, mainiacjoe_overflow_small_starburst, serial_shops,
          shop
D:5:      layout_basic, pf_just_have_faith, gammafunk_ghost_smash, serial_shops,
          nicolae_lakefront_shop, nicolae_specific_store,
          minmay_fractal_squares_gapless_5
D:6:      layout_loops_cross, good_gods_temple_1, trog_book,
          nicolae_overflow_hidden_temple, minmay_misc_feat_secret_circle,
          uniq_edmund, uniq_menkaure
D:7:      layout_loops_ring, general_overflow_altar,
          gammafunk_temple_overflow_wave, minmay_temple_entry_statues_pillars,
          uniq_maggie
D:8:      layout_loops_ring, uniq_psyche
D:9:      layout_loops_ring, mainiacjoe_overflow_surrounded_room,
          due_lair_maze_entry_diamond, amcnicky_mini_pool_small, hex_large,
          minmay_misc_feat_tower, chequers_serial_rivers_micro_e, uniq_erica
Temple:   hellmonk_temple_flake

Skill      XL: |  1  2  3  4  5  6  7  8  9 10 |
---------------+-------------------------------+-----
Polearms       | 3 4 5 6 7 |  7.6
Dodging        | 3 4 5 6 7 |  7.7
Armour         | 1 2 3 4 5 6 |  6.0
Fighting       | 3 4 5 6 7 8 |  8.0
Invocations    | 3 4 |  4.9
Throwing       | |  1.7

Action                     |  1- 3 |  4- 6 |  7- 9 | 10-12 || total
---------------------------+-------+-------+-------+-------++-------
  Melee: Trident           |   161 |    33 |       |    58 ||   252
         Punch             |     1 |       |     2 |     1 ||     4
         Touch             |       |    19 |    35 |    21 ||    75
         Spear             |       |    69 |   274 |    85 ||   428
  Throw: Throwing net      |       |       |     4 |       ||     4
    Use: Scroll            |    10 |     3 |     4 |     2 ||    19
         Potion            |       |     1 |     1 |     3 ||     5
   Stab: Sleeping          |     1 |     1 |     2 |       ||     4
         Held in net/web   |       |       |     5 |       ||     5
         Invisible         |       |       |     4 |       ||     4
 Armour: Leather armour    |    47 |    14 |    25 |     1 ||    87
         Troll leather arm |       |       |       |    10 ||    10
  Dodge: Dodged            |    89 |    50 |   165 |   154 ||   458

Table legend: (Time is in decaauts)
 A = Elapsed time spent in this place.
 B = Non-inter-level travel time spent in this place.
 C = Inter-level travel time spent in this place.
 D = Time resting spent in this place.
 E = Time spent auto-exploring this place.
 F = Levels seen in this place.
 G = Mean time per level.
                   A        B        C        D        E       F      G
               +--------+--------+--------+--------+--------+-----+--------+
         Total |   8773 |   8367 |    406 |    351 |   6623 |  10 |  877.3 |
       Dungeon |   8621 |   8215 |    406 |    351 |   6489 |   9 |  957.9 |
        Temple |    152 |    152 |      0 |      0 |    134 |   1 |  152.0 |
               +--------+--------+--------+--------+--------+-----+--------+

Top non-repeatable levels by time:
     D:4: 1454 daAuts
     D:5: 1374 daAuts
     D:6: 1191 daAuts
     D:8: 1149 daAuts
     D:1: 1008 daAuts
     D:7: 851 daAuts
     D:3: 783 daAuts
     D:2: 625 daAuts
     D:9: 183 daAuts
  Temple: 152 daAuts
